 Dungeon Crawl Stone Soup version 0.29-a0-330-g52719c12eb (webtiles) character file.

Game seed: 1406880073032378591

53 sanka the Magician (level 3, 0/26 HPs)
             Began as a Gnoll Hedge Wizard on May 24, 2022.
             Slain by Robin
             ... wielding a +0 short sword
              (2 damage)
             ... on level 1 of the Dungeon.
             The game lasted 00:02:01 (1470 turns).

sanka the Magician (Gnoll Hedge Wizard)             Turns: 1470, Time: 00:02:01

Health: 0/26       AC:  3    Str: 11    XL:     3   Next: 87%
Magic:  9/11       EV: 13    Int: 15    God:
Gold:   58         SH:  0    Dex: 11    Spells: 13/16 levels left

rFire   . . .      SeeInvis .   a - +0 dagger
rCold   . . .      Faith    .   (no shield)
rNeg    . . .      Spirit   .   b - +0 robe
rPois   +          Reflect  .   c - +0 hat
rElec   .          Harm     .   l - +0 cloak
rCorr   .          Rampage  .   (no gloves)
Will    .....                   (no boots)
Stlth   ++........              (no amulet)
HPRegen 0.08/turn               (no ring)
MPRegen 0.12/turn               (no ring)

@: no status effects
A: fangs 1, strong nose, distributed training, sense surroundings 1, poison
resistance, strong 1
a: no special abilities


You were on level 1 of the Dungeon.
You visited 1 branch of the dungeon, and saw 2 of its levels.

You collected 58 gold pieces.


Innate Abilities, Weirdness & Mutations

You have very sharp teeth.
Your uncanny sense of smell can sniff out nearby items.
Your experience applies equally to all skills.
You passively map a small area around you.
Your system is resistant to poisons. (rPois)
Your muscles are strong. (Str +2)


   Skills:
 + Level 1.0 Fighting
 + Level 1.0 Short Blades
 + Level 1.0 Long Blades
 + Level 1.0 Axes
 + Level 1.0 Maces & Flails
 + Level 1.0 Polearms
 + Level 1.0 Staves
 + Level 1.0 Slings
 + Level 1.0 Bows
 + Level 1.0 Crossbows
 + Level 1.0 Throwing
 + Level 1.0 Armour
 + Level 4.6 Dodging
 + Level 4.2 Stealth
 + Level 1.0 Shields
 + Level 1.0 Unarmed Combat
 + Level 7.1 Spellcasting
 + Level 2.1 Conjurations
 + Level 0.7 Hexes
 + Level 2.1 Summonings
 + Level 0.7 Necromancy
 + Level 2.1 Translocations
 + Level 0.7 Transmutations
 + Level 0.7 Fire Magic
 + Level 0.7 Ice Magic
 + Level 0.7 Air Magic
 + Level 0.7 Earth Magic
 + Level 0.7 Poison Magic
 + Level 1.0 Invocations
 + Level 1.0 Evocations


You had 13 spell levels left.
You knew the following spells:

 Your Spells              Type           Power      Damage    Failure   Level
x - Call Imp              Summ           11%        N/A       9%          2
z - Magic Dart            Conj           44%        1d5       5%          1

Your spell library contained the following spells:

 Spells                   Type           Power      Damage    Failure   Level
 Blink                    Tloc           22%        N/A       9%          2
 Slow                     Hex            28%        N/A       10%         1
 Conjure Flame            Conj/Fire      9%         6-21      22%         3
 Mephitic Cloud           Conj/Pois/Air  8%         N/A       24%         3
 Ignite Poison            Fire/Tmut/Pois 7%         N/A       28%         3
 Sticky Flame             Conj/Fire      9%         2d3       58%         4

Inventory:

Hand Weapons
 a - a +0 dagger (weapon)
Armour
 b - a +0 robe (worn)
 c - a +0 hat (worn)
 l - a +0 cloak (worn)
Jewellery
 g - an amulet of guardian spirit
Scrolls
 e - a scroll of blinking {unknown}
 f - 2 scrolls of teleportation {unknown}
 h - 3 scrolls of identify {unknown}
 j - a scroll of enchant weapon {unknown}
Potions
 d - a potion of magic
 i - a potion of brilliance {unknown}

Dungeon Overview and Level Annotations

Branches:
Dungeon (2/15)

Altars:

Annotations:
D:1 Robin

▒▒▒▒ ▒.....▒▒..▒ ▒▒...▒
▒▒▒▒▒.▒...▒ ▒▒....▒ ▒▒ ▒▒▒.▒.▒.▒
▒.....▒ ▒. ▒▒▒.......▒ ▒.▒▒.▒▒ ▒.
▒........▒▒ ▒▒.▒▒.▒ ▒. ▒.▒...▒▒▒▒
▒▒▒▒..▒▒.▒ ▒▒ ▒.▒..▒▒ ▒....▒▒▒.▒
▒ ▒▒▒▒▒.▒..▒▒▒▒▒▒▒>▒▒▒▒ ▒.▒ ▒▒▒
▒...▒........)gg>▒ ▒.▒▒▒▒▒..
▒.▒.▒...▒▒▒▒▒▒▒▒▒▒▒▒▒▒▒▒▒......
▒......)▒...▒...▒...▒...▒......
▒▒.....▒▒...'...▒...'...▒......
▒▒....▒▒...▒...▒...▒...▒..▒.▒▒
▒▒....▒▒▒)▒▒▒'▒▒▒▒▒▒▒'▒▒....▒▒
▒▒......▒...▒...▒...▒...▒...▒▒▒
▒...▒.▒.'.⌠.▒...'...▒.⌠.'...▒ ▒
▒▒▒...▒...▒...▒...▒...▒...▒...▒▒▒


You could see Robin.


Message History

The goblin shouts!
Robin barely misses you. Robin throws the goblin at you!
The goblin hits you but does no damage.
There is a stone staircase leading up here.
Robin closely misses you. The goblin barely misses you.
The goblin hits you with a +0 dagger.
* * * LOW HITPOINT WARNING * * *
You climb upwards.
There is a stone staircase leading down here.
Unknown command.
The magic dart hits the goblin.
You kill the goblin!
The goblin misses you.
You see here a +0 dagger.
Robin attacks as you move away! Robin barely misses you.
Robin flexes a bicep menacingly.
Robin throws the goblin at you!
* * * LOW HITPOINT WARNING * * *
The magic dart hits the goblin.
You kill the goblin!
It was a potion of mutation.
You feel extremely strange.
You feel resistant to poisons.
You feel stronger.
You feel a strange attunement to the structure of the dungeons.
Robin hits you with a +0 short sword.
You die...

Action                   || total
-------------------------++-------
Melee: Dagger            ||     9
       Bite              ||     1
 Cast: Magic Dart        ||    78
  Use: Potion            ||     1
Armor: Robe              ||     9
Dodge: Dodged            ||    29

Levels and vault maps discovered:
D:1:      co_arrival_random_square_maze, layout_rooms,
          ebering_ecumenical_altar_mist, serial_park_tiny_2
D:2:      layout_basic, basic_altar, uniq_robin

Notes
Turn   | Place    | Note
-------+----------+-------------------------------------------
     0 | D:1      | sanka the Gnoll Hedge Wizard began the quest for the Orb.
     0 | D:1      | Reached XP level 1. HP: 13/13 MP: 8/8
    45 | D:1      | Reached skill level 2 in Conjurations
    45 | D:1      | Reached skill level 2 in Summonings
    45 | D:1      | Reached skill level 2 in Translocations
   113 | D:1      | Reached XP level 2. HP: 13/19 MP: 2/10
   347 | D:1      | Learned a level 2 spell: Call Imp
   634 | D:1      | Reached XP level 3. HP: 25/25 MP: 9/11
   965 | D:1      | Found a faded altar of an unknown god.
  1095 | D:2      | Reached skill level 1 in Invocations
  1228 | D:2      | Reached skill level 1 in Fighting
  1228 | D:2      | Reached skill level 1 in Short Blades
  1228 | D:2      | Reached skill level 1 in Long Blades
  1228 | D:2      | Reached skill level 1 in Axes
  1228 | D:2      | Reached skill level 1 in Maces & Flails
  1228 | D:2      | Reached skill level 1 in Polearms
  1228 | D:2      | Reached skill level 1 in Staves
  1228 | D:2      | Reached skill level 1 in Slings
  1228 | D:2      | Reached skill level 1 in Bows
  1228 | D:2      | Reached skill level 1 in Crossbows
  1228 | D:2      | Reached skill level 1 in Throwing
  1228 | D:2      | Reached skill level 1 in Armour
  1228 | D:2      | Reached skill level 1 in Shields
  1228 | D:2      | Reached skill level 1 in Unarmed Combat
  1228 | D:2      | Reached skill level 1 in Evocations
  1437 | D:2      | Noticed Robin
  1468 | D:1      | HP: 2/26 [Robin/goblin (3)]
  1470 | D:1      | Gained mutation: Your system is resistant to poisons.
                  | (rPois) [potion of mutation]
  1470 | D:1      | Gained mutation: Your muscles are strong. (Str +2) [potion
                  | of mutation]
  1470 | D:1      | Gained mutation: You passively map a small area around you.
                  | [potion of mutation]
  1470 | D:1      | Slain by Robin

Vanquished Creatures
  2 adders (D:2)
  A worm (D:2)
  A dart slug (D:1)
  A ball python (D:1)
  2 endoplasms (D:1)
  A giant cockroach (D:1)
  8 goblins
  3 hobgoblins (D:1)
  2 quokkas (D:1)
  5 bats (D:1)
  A frilled lizard (D:1)
  A kobold (D:1)
  2 rats (D:1)
30 creatures vanquished.
